 Dungeon Crawl Stone Soup version 0.22.0-35-ge4bf2f5f59 (webtiles) character file.

481865 Flugkiller the Cryomancer (level 23, -3/195 HPs)
             Began as a White Draconian Fire Elementalist on Aug 23, 2018.
             Was the Champion of Vehumet.
             Slain by a storm dragon (11 damage)
             ... on level 1 of the Realm of Zot on Aug 24, 2018.
             The game lasted 03:27:40 (88931 turns).

Flugkiller the Cryomancer (DrFE)                   Turns: 88931, Time: 03:27:40

Health: -3/195     AC: 16    Str: 23    XL:     23   Next: 43%
Magic:  15/53      EV: 15    Int: 29    God:    Vehumet [******]
Gold:   2096       SH: 14    Dex:  6    Spells: 7/56 levels left

rFire    + + +     SeeInvis +   A - staff of wizardry
rCold    + + .     Gourm    .   d - +1 shield "Viump" {rC- MR+ rCorr Str+3}
rNeg     + + +     Faith    .   (armour unavailable)
rPois    .         Spirit   .   o - +1 hat {Int+3}
rElec    +         Reflect  .   Y - scarf {rC+ rF+}
rCorr    +         Harm     .   K - +2 pair of gloves {Str+3}
MR       +++..     Rnd*Rage +   r - +0 pair of boots "Palleoni" {rN++ rCorr Dex-2 Stlth+}
Stlth    ++........             V - amulet of Dutruel {+Rage rF+ Int+4}
HPRegen  0.42/turn              m - ring "Zophugh" {rF+ rC+ MR+ Dex-4 SInv}
MPRegen  0.33/turn              u - ring "Tiasoal" {rElec rN+ MP+9 Str+5}

@: about to teleport
A: breathe frost, unfitting armour, berserk 1, clumsy 1, cold resistance 1,
screaming 1, cold-blooded, subdued magic 1, AC +11
}: 3/15 runes: decaying, slimy, gossamer
a: Breathe Frost, Renounce Religion, Evoke Berserk Rage


You were on level 1 of the Realm of Zot.
You worshipped Vehumet.
Vehumet was exalted by your worship.
You were not hungry.

You visited 10 branches of the dungeon, and saw 48 of its levels.
You also visited: Labyrinth and Ossuary.

You collected 5603 gold pieces.
You spent 3507 gold pieces at shops.

Inventory:

Armour
 d - the +1 shield "Viump" (worn) {rC- MR+ rCorr Str+3}
   (You bought it in a shop on level 12 of the Dungeon)

   It affects your strength (+3).
   It makes you vulnerable to cold.
   It affects your resistance to hostile enchantments.
   It provides partial protection from all sources of acid and corrosion.
 o - a +1 hat of intelligence (worn)
 r - the +0 pair of boots "Palleoni" (worn) {rN++ rCorr Dex-2 Stlth+}
   (You acquired it on level 2 of the Depths)

   It affects your dexterity (-2).
   It greatly protects you from negative energy.
   It provides partial protection from all sources of acid and corrosion.
   It makes you more stealthy.
 v - the +2 cloak of Vanity {SInv}
   (You bought it in a shop on level 12 of the Dungeon)

   It lets you see invisible.
 K - a +2 pair of gloves of strength (worn)
 Y - a scarf of resistance (worn)
Magical Staves
 n - an uncursed staff of power
 A - an uncursed staff of wizardry (weapon)
 G - an uncursed staff of cold
 N - an uncursed staff of conjuration
Jewellery
 m - the ring "Zophugh" (left hand) {rF+ rC+ MR+ Dex-4 SInv}
   (You found it on level 5 of the Pits of Slime)

   [ring of see invisible]

   It affects your dexterity (-4).
   It protects you from fire.
   It protects you from cold.
   It affects your resistance to hostile enchantments.
   It lets you see invisible.
 q - an uncursed ring of ice
 u - the ring "Tiasoal" (right hand) {rElec rN+ MP+9 Str+5}
   (You took it off a crimson imp on level 15 of the Dungeon)

   [ring of magical power]

   It affects your strength (+5).
   It insulates you from electricity.
   It protects you from negative energy.
   It affects your magic capacity (+9).
 F - the ring "Zeodyrphij" {MR++ Dex+2 Slay+5}
   (You found it on level 5 of the Pits of Slime)

   [ring of dexterity]

   It affects your dexterity (+2).
   It affects your accuracy and damage with ranged weapons and melee attacks
   (+5).
   It affects your resistance to hostile enchantments.
 M - a +6 ring of protection
 P - an uncursed ring of poison resistance
 U - the amulet of Utzumex {RegenMP MR+ Slay+4 SInv}
   (You took it off a deep elf demonologist on level 4 of the Depths)

   [amulet of magic regeneration]

   It increases your magic regeneration.
   It affects your accuracy and damage with ranged weapons and melee attacks
   (+4).
   It affects your resistance to hostile enchantments.
   It lets you see invisible.
 V - the amulet of Dutruel (around neck) {+Rage rF+ Int+4}
   (You found it in a labyrinth)

   [amulet of rage]

   It affects your intelligence (+4).
   It protects you from fire.
   It lets you go berserk.
Wands
 h - a wand of acid (35)
 s - a wand of disintegration (10)
 y - a wand of enslavement (15)
 H - a wand of digging (58)
 Q - a wand of iceblast (35)
 R - a wand of scattershot (8)
 W - a wand of paralysis (20)
Scrolls
 a - 9 scrolls of teleportation
 e - 12 scrolls of remove curse
 f - 12 scrolls of enchant armour
 k - 8 scrolls of amnesia
 l - 5 scrolls of blinking
 p - 4 scrolls of fear
 C - 3 scrolls of summoning
 D - 5 scrolls of identify
 E - 4 scrolls of magic mapping
 S - 5 scrolls of fog
Potions
 c - 5 potions of resistance
 g - 18 potions of curing
 i - 10 potions of might
 j - 6 potions of cancellation
 t - 6 potions of mutation
 w - 3 potions of invisibility
 x - 9 potions of ambrosia
 z - 2 potions of agility
 I - 8 potions of flight
 J - 4 potions of berserk rage
 L - 9 potions of haste
 X - 5 potions of lignification
 Z - a potion of heal wounds
Miscellaneous
 O - a lamp of fire
Comestibles
 b - 36 rations


   Skills:
 - Level 14.0 Fighting
 - Level 12.0 Dodging
 - Level 1.7 Stealth
 - Level 15.0 Shields
 - Level 17.0 Spellcasting
 * Level 20.0 Conjurations
 - Level 9.0 Fire Magic
 + Level 23.5 Ice Magic


You had 7 spell levels left.
You knew the following spells:

 Your Spells              Type           Power        Failure   Level  Hunger
a - Flame Tongue          Conj/Fire      #####        0%          1    None
b - Throw Icicle          Conj/Ice       #######.     0%          4    None
c - Conjure Flame         Conj/Fire      ######..     0%          3    None
d - Orb of Destruction    Conj           #######...   1%          7    #####..
e - Fireball              Conj/Fire      ######....   1%          5    None
f - Ozocubu's Refrigerat  Ice            #######...   0%          6    ##.....
g - Freezing Cloud        Conj/Ice/Air   ######....   1%          6    ##.....
h - Bolt of Cold          Conj/Ice       #######...   0%          6    ##.....
i - Glaciate              Conj/Ice       #######...   2%          9    #######
r - Blink                 Tloc           N/A          1%          2    None

Your spell library contained the following spells:

 Spells                   Type           Power        Failure   Level  Hunger
 Fire Storm               Conj/Fire      ######....   38%         9    #######
 Tornado                  Air            ###.......   100%        9    #######
 Freeze                   Ice            ####         0%          1    None
 Magic Dart               Conj           ####         0%          1    None
 Ensorcelled Hibernation  Hex/Ice        ######       0%          2    None
 Searing Ray              Conj           ######       0%          2    None
 Throw Flame              Conj/Fire      ######       0%          2    None
 Throw Frost              Conj/Ice       ######       0%          2    None
 Iskenderun's Mystic Bla  Conj           #######.     0%          4    None
 Sticky Flame             Conj/Fire      ######..     0%          4    None
 Confusing Touch          Hex            ###...       1%          1    None
 Summon Small Mammal      Summ           ###.         1%          1    None
 Call Imp                 Summ           ###.....     1%          2    None
 Corpse Rot               Necr           N/A          1%          2    None
 Slow                     Hex            ###.....     1%          2    None
 Confuse                  Hex            ###.....     1%          3    None
 Dazzling Spray           Conj/Hex       ######       1%          3    None
 Gell's Gravitas          Tloc           ###.......   1%          3    None
 Inner Flame              Hex/Fire       #####...     1%          3    None
 Mephitic Cloud           Conj/Pois/Air  #####...     1%          3    None
 Recall                   Summ/Tloc      N/A          1%          3    None
 Stone Arrow              Conj/Erth      ######       1%          3    None
 Summon Guardian Golem    Hex/Summ       ###.....     1%          3    None
 Force Lance              Conj/Tloc      ######..     1%          4    None
 Fulminant Prism          Conj/Hex       ######....   1%          4    None
 Bolt of Magma            Conj/Fire/Erth ######....   1%          5    None
 Irradiate                Conj/Tmut      ######....   1%          5    None
 Iskenderun's Battlesphe  Conj/Chrm      ######..     1%          5    None
 Metabolic Englaciation   Hex/Ice        ######....   1%          5    None
 Venom Bolt               Conj/Pois      ######....   1%          5    None
 Iron Shot                Conj/Erth      ######....   1%          6    ##.....
 Spellforged Servitor     Conj/Summ      ######....   2%          7    #####..
 Yara's Violent Unravell  Hex/Tmut       ###.......   5%          5    None
 Cause Fear               Hex            ###.......   6%          4    None
 Leda's Liquefaction      Hex/Erth       ###.......   6%          4    None
 Petrify                  Tmut/Erth      ###.....     6%          4    None
 Summon Lightning Spire   Summ/Air       ###.....     6%          4    None
 Aura of Abjuration       Summ           ###.......   17%         5    None
 Borgnjor's Vile Clutch   Necr/Erth      ###.......   17%         5    None
 Silence                  Hex/Air        ###.......   17%         5    None
 Summon Demon             Summ           ###.......   17%         5    None
 Summon Forest            Summ/Tloc      ###.......   17%         5    None
 Summon Mana Viper        Hex/Summ       ###.....     17%         5    None
 Darkness                 Hex            ###.......   65%         6    ##.....
 Hydra Form               Tmut           ###.......   65%         6    ##.....
 Shadow Creatures         Summ           N/A          65%         6    ##.....
 Statue Form              Tmut/Erth      ###......    65%         6    ##.....
 Dragon Form              Tmut           ###.......   99%         7    #####..
 Summon Hydra             Summ           ###.......   99%         7    #####..


Dungeon Overview and Level Annotations

Branches:
Dungeon (15/15)            Temple (1/1) D:5            Lair (6/6) D:9
  Swamp (4/4) Lair:4       Spider (4/4) Lair:3        Slime (5/5) Lair:5
    Orc (2/2) D:11            Elf (0/3) Orc:2        Vaults (5/5) D:14
  Crypt (0/3) Vaults:3     Depths (5/5) D:15            Zot (1/5) Depths:5

Altars:
Ashenzari
Cheibriados
Dithmenos
Elyvilon
Fedhas
Gozag
Hepliaklqana
Kikubaaqudgha
Makhleb
Nemelex Xobeh
Okawaru
Qazlal
Ru
Sif Muna
Trog
Uskayaw
Vehumet
Wu Jian
Xom
Yredelemnul
Zin
The Shining One
Beogh
Jiyva

Shops:
D:12 [   D:14 (   Orc:2 *(:[   Vaults:3 :   Depths:1 =}}   Depths:5 *

Portals:
Hell: Depths:1 Depths:2 Depths:3 Depths:4 Depths:5
Abyss: Depths:1 Depths:4
Pandemonium: Depths:3
Ziggurat: Depths:2
Trove: Vaults:2 (give +2 gold dragon scales)

Annotations:
Spider:3 1 runed door, Zeklih's ghost, adept SpEn
Vaults:1 3 runed doors, exclusion: obsidian statue, Reogah's ghost, adept MfBe
Depths:3 exclusion: 3 doors, Mennas
Zot:1 1 runed door


Innate Abilities, Weirdness & Mutations

You can breathe waves of freezing cold.
You can buffet flying creatures when you breathe cold.
Your icy white scales are hard. (AC +11)
You cannot fit into any form of body armour.
Your flesh is cold resistant. (rC+)
You are cold-blooded and may be slowed by cold attacks.
You tend to lose your temper in combat.
You are clumsy. (Dex -2)
You occasionally shout uncontrollably at your foes.
Your spells are a little easier to cast, but a little less powerful.


Message History

A green draconian comes into view. It is wielding a battleaxe.
You shout at the green draconian!
You hear a roar! x2
You feel much better.
The purple draconian hits you with a dire flail!
* * * LOW HITPOINT WARNING * * *
You block the storm dragon's attack.
The storm dragon claws you but does no damage.
You block the storm dragon's attack.
Casting: Glaciate (slightly dangerous; 2% risk of failure)
Confirm with . or Enter, or press ? or * to list all spells.
You blink.
You are engulfed in freezing vapours.
You resist.
* * * LOW HITPOINT WARNING * * *
The purple draconian monk is no longer moving slowly.
The red draconian is no longer moving slowly.
A purple draconian shifter comes into view.
It is wielding a long sword.
The storm dragon bites you!!
* * * LOW HITPOINT WARNING * * *
The storm dragon barely misses you. The storm dragon tramples you!
You die...

,⌠#....q§.)......#....##,,,,,**,,
,,#......D.....q.#......,,,,,,,,,
,*##.##d##..####d#8d..#*,,,,,**,,
,**#'*#'#####*##d#dd..##,,,,,**,,
,,,,,,.d.,,,,,#qd#qd....,,,,,,,,,
,,,,,.....,,,,#d.#######*+++*****
,,,,....)..,,,#q§#**,*⌠**,,,**⌠*,
,,,....y....,,#D§#*,,,,**,,,**,,,
,,.........$.,#d@#,,,,,,,,,,,,,,,
,.##....##....##§#*,,,,,,,,,,,,,,
,,**,,,,****+**#.#**,,,,,,,,,,,,,
,,,,,,,,,*,,,,,#.#*,,,,,,,,,,,,,,
,,**,,,,,+,,,,,'.#,,,,,,,,,,,,,,,
,,**,,******,,*#.#*,,,,,,,,,,,,,,
,,**,,*********#.#**,*,,,,,,,,,*,
,,*,,,*,,,+,,,,D.#*******+++*****
,,*,,,+,,,*,,,,,,,,≈≈≈≈≈,,,,,≈≈≈≈


You could see a shadow dragon, a purple draconian monk, a storm dragon, a green
draconian, 3 draconians, a red draconian, a purple draconian shifter and a red
draconian scorcher.

Vanquished Creatures
  the Royal Jelly (Slime:5)
  Saint Roka (Depths:1)
  4 caustic shrikes
  A golden dragon (Depths:2)
  Rupert (D:15)
  3 tentacled monstrosities
  Jorgrun (Spider:3)
  2 titans
  17 acid blobs
  3 quicksilver dragons
  Gastronok (Lair:2)
  The ghost of Uggef the Unseen, an adept VSBe of Trog (Vaults:3)
  2 thorn hunters
  2 shadow dragons
  A death cob (Depths:5)
  Kirke (D:13)
  2 tengu reavers
  11 azure jellies
  3 draconian monks
  3 storm dragons
  4 fire giants
  A draconian knight (Depths:5)
  7 frost giants
  4 vault wardens
  2 ghost moths
  5 emperor scorpions
  A juggernaut zombie (D:15)
  15 very ugly things
  2 spriggan defenders (Depths:2)
  10 ironheart preservers
  An entropy weaver (shapeshifter) (Depths:1)
  A draconian shifter (Zot:1)
  2 juggernaut skeletons (Depths:3)
  A caustic shrike skeleton (Depths:3)
  17 stone giants
  A draconian stormcaller (Depths:5)
  5 entropy weavers
  3 deep elf demonologists
  2 vampire knights
  3 black draconians
  Nessos (Lair:6)
  2 lorocyprocas (Depths:1)
  A white draconian (Zot:1)
  A minotaur (Lab)
  A spark wasp (Spider:3)
  A minotaur (shapeshifter) (Vaults:1)
  2 red draconians (Zot:1)
  4 purple draconians
  15 ettins
  17 fire dragons
  An eidolon (Vaults:3)
  3 deep elf death magi
  A merfolk javelineer (Depths:3)
  9 death oozes (Slime:5)
  A crystal guardian (Vaults:2)
  7 yaktaur captains
  13 great orbs of eyes
  A quicksilver dragon skeleton (Depths:3)
  Fannar (D:10)
  7 ogre magi
  3 rakshasas
  A catoblepas (Lair:3)
  A hell beast (Depths:2)
  5 spriggan air magi
  15 hydras
  13 ice dragons
  2 ghost crabs
  28 vault guards
  14 centaur warriors
  2 death knights
  27 two-headed ogres
  8 death yaks
  15 alligators
  3 deep troll earth magi
  6 deep troll shamans
  5 tengu warriors
  2 orc high priests (Depths:4)
  A shock serpent (shapeshifter) (Vaults:3)
  6 spriggan berserkers
  3 fire crabs
  Sonja (D:10)
  A sun demon (Depths:2)
  4 titan skeletons (Depths:3)
  31 hell knights
  5 deep elf knights
  3 shadow demons
  3 iron trolls
  8 skeletal warriors
  6 swamp dragons
  2 spriggan druids (Swamp:4)
  18 deep trolls
  A flayed ghost (Vaults:3)
  3 golden dragon skeletons (Depths:3)
  2 unseen horrors (shapeshifter)
  2 glowing orange brains
  6 wizards
  3 shambling mangroves
  2 phantasmal warriors
  11 orb spiders
  10 ironbrand convokers
  12 necromancers
  16 orc knights
  4 harpies (Vaults:3)
  A harpy (shapeshifter) (Vaults:4)
  6 deep elf archers
  23 ugly things
  A mana viper (shapeshifter) (Depths:3)
  3 orc sorcerers
  2 manticores
  5 cyclopes
  2 lindwurms
  4 shining eyes
  43 wolf spiders
  3 tengu skeletons
  13 deep elf magi
  2 ice statues (Spider:3)
  4 moths of wrath
  2 iron dragon skeletons
  A shadow dragon skeleton (Depths:3)
  Maurice (D:11)
  A fire giant skeleton (Depths:3)
  9 elephants
  7 black mambas
  11 vault sentinels
  21 spiny frogs
  A rust devil (Depths:3)
  2 torpor snails
  4 orange demons (D:15)
  A black mamba (shapeshifter) (Depths:1)
  6 eyes of devastation
  2 gargoyles (D:14)
  3 kobold demonologists
  A yaktaur zombie (D:15)
  9 komodo dragons
  32 yaktaurs
  2 elf skeletons (Depths:3)
  12 rime drakes
  2 spriggan skeletons (Depths:3)
  5 centaur skeletons
  9 tengu conjurers
  11 demonic crawlers
  2 efreet
  A yaktaur skeleton (D:15)
  32 jumping spiders
  A troll (shapeshifter) (D:15)
  10 freezing wraiths
  11 polar bears
  15 trolls
  2 red devils (D:15)
  10 tyrant leeches
  A raiju (Lair:6)
  A blink frog (shapeshifter) (Vaults:3)
  4 dream sheep (Lair:3)
  A hornet (shapeshifter) (Vaults:4)
  5 bog bodies
  15 blink frogs
  31 hornets
  91 slime creatures
  A meliai zombie (D:13)
  10 hippogriffs
  A stone giant simulacrum (Vaults:3)
  73 redbacks
  8 flying skulls (Depths:3)
  An ice dragon skeleton (Depths:1)
  10 water elementals
  A deep troll skeleton (Depths:1)
  2 shadows
  27 tarantellas
  2 wyverns
  2 wraiths
  A basilisk (shapeshifter) (Depths:2)
  12 spriggans
  A vampire (D:14)
  2 ettin skeletons
  A hog (shapeshifter) (Depths:2)
  40 yaks
  6 basilisks
  17 golden eyes
  5 hogs (D:12)
  9 steam dragons
  A yaktaur simulacrum (Vaults:2)
  19 vampire mosquitoes
  16 wargs
  8 insubstantial wisps (Swamp:2)
  12 swamp worms
  An acid dragon (D:12)
  An acid dragon (shapeshifter) (Depths:2)
  16 hell hounds (Lair:6)
  13 water moccasins
  A human skeleton (Depths:3)
  A floating eye (shapeshifter) (Depths:4)
  9 porcupines
  63 orc warriors
  An eye of draining (shapeshifter) (D:14)
  4 sky beasts
  10 swamp drakes
  A necrophage (D:8)
  6 ice beasts
  A phantom (D:10)
  6 eyes of draining
  12 black bears
  9 boggarts
  39 centaurs
  49 wolves
  23 ogres
  11 crocodiles
  4 big kobolds
  20 bullfrogs
  A big kobold (shapeshifter) (Vaults:4)
  An elf zombie (Ossuary)
  2 wyvern skeletons
  4 scorpions
  8 killer bees (D:12)
  14 wights
  14 electric eels
  2 howler monkeys
  8 crimson imps
  2 jellies
  2 bullfrog zombies
  9 centaur zombies
  A lava snake (Swamp:4)
  6 hounds
  A gnoll shaman (D:10)
  16 orc priests
  19 orc wizards
  4 iguanas
  15 worker ants
  A hound zombie (D:6)
  A hound skeleton (D:8)
  3 mummies
  A howler monkey zombie (D:5)
  3 gnolls (D:10)
  15 adders
  4 shadow imps
  A white imp (Vaults:4)
  3 oozes
  2 adder skeletons
  3 adder zombies
  2 worms (D:3)
  5 leopard geckos
  111 orcs
  7 giant cockroaches
  6 goblins
  12 hobgoblins
  17 jackals
  3 quokkas
  2 ball pythons
  12 bats
  6 frilled lizards
  2 goblin zombies
  17 hobgoblin zombies
  A jackal skeleton (D:6)
  A jackal zombie (Ossuary)
  16 kobolds
  6 kobold zombies (Ossuary)
  7 orc zombies (Ossuary)
  A quokka zombie (D:6)
  6 rats
  A rat zombie (Ossuary)
  31 briar patches (Swamp:4)
  8 plants
  A withered plant (Vaults:3)
2087 creatures vanquished.

Vanquished Creatures (others)
  An alligator (Swamp:4)
  A swamp dragon (Swamp:4)
  A centaur skeleton (D:12)
  7 swamp drakes (Swamp:4)
  An adder zombie (D:9)
  A kobold (D:12)
  A block of ice (Depths:5)
  11 fungi
  16 plants
  7 withered plants
47 creatures vanquished.

Grand Total: 2134 creatures vanquished

Notes
Turn   | Place    | Note
-------+----------+-------------------------------------------
     0 | D:1      | Flugkiller the Draconian Fire Elementalist began the quest for the Orb.
     0 | D:1      | Reached XP level 1. HP: 14/14 MP: 3/3
   240 | D:1      | Reached XP level 2. HP: 20/22 MP: 3/5
   661 | D:1      | Reached skill level 1 in Fighting
  1263 | D:1      | Reached XP level 3. HP: 21/28 MP: 0/6
  1458 | D:2      | Learned a level 3 spell: Conjure Flame
  1979 | D:2      | Reached XP level 4. HP: 30/36 MP: 3/7
  2703 | D:3      | Learned a level 4 spell: Sticky Flame
  2837 | D:3      | Noticed a bullfrog
  3020 | D:3      | Noticed an ice beast
  3028 | D:3      | Killed an ice beast
  3028 | D:3      | Reached XP level 5. HP: 41/41 MP: 0/9
  3671 | D:4      | Found a sparkling altar of Nemelex Xobeh.
  3884 | D:4      | Reached XP level 6. HP: 48/48 MP: 7/11
  4376 | D:5      | Entered Level 5 of the Dungeon
  4376 | D:5      | Found a staircase to the Ecumenical Temple.
  4438 | Temple   | Entered the Ecumenical Temple
  4645 | Temple   | Became a worshipper of Vehumet
  4831 | D:5      | Found a white marble altar of Elyvilon.
  4831 | D:5      | Found a faded altar of an unknown god.
  4838 | D:5      | Found a sacrificial altar of Ru.
  4840 | D:5      | Found a basalt altar of Yredelemnul.
  4847 | D:5      | Found a faded altar of an unknown god.
  4934 | D:5      | Noticed a sky beast
  5040 | D:5      | Killed a sky beast
  5163 | D:5      | Found a deep blue altar of Sif Muna.
  5224 | D:5      | Found a hazy altar of Hepliaklqana.
  5309 | D:5      | Reached skill level 5 in Fire Magic
  5407 | D:5      | Your scales start taking on an icy white colour.
  5407 | D:5      | Reached XP level 7. HP: 54/55 MP: 8/13
  5407 | D:5      | Gained mutation: Your flesh is cold resistant. (rC+) [White Draconian growth]
  5408 | D:5      | I was thinking, what's the worst thing that could happen
  5408 | D:5      | And I thought: "If I get white draconian, this is going to be painful"
  5408 | D:5      | Of course I get that one
  5968 | D:6      | Reached skill level 5 in Conjurations
  6056 | D:6      | Reached skill level 5 in Spellcasting
  6063 | D:6      | Found a burning altar of Makhleb.
  6205 | D:6      | Found a shadowy altar of Dithmenos.
  6259 | D:6      | Noticed a steam dragon
  6280 | D:6      | Killed a steam dragon
  6280 | D:6      | Reached * piety under Vehumet
  6280 | D:6      | Offered knowledge of Sting by Vehumet.
  6280 | D:6      | Reached XP level 8. HP: 57/61 MP: 1/16
  7284 | D:7      | Found a glowing golden altar of the Shining One.
  7285 | D:7      | Got a warped hunting sling
  7334 | D:7      | Found a snail-covered altar of Cheibriados.
  7807 | D:7      | Reached XP level 9. HP: 50/67 MP: 1/19
  8164 | D:7      | Identified the +10 hunting sling "Conservator" {speed, rElec rN+ MR- Str+4} (You found it on level 7 of the Dungeon)
  8971 | D:8      | Found a bloodstained altar of Trog.
  9128 | D:8      | Found a sand-covered staircase.
  9137 | Ossuary  | Entered an ossuary
  9305 | Ossuary  | Offered knowledge of Shock by Vehumet.
  9372 | Ossuary  | Reached ** piety under Vehumet
  9560 | Ossuary  | Offered knowledge of Searing Ray by Vehumet.
 10689 | D:9      | Reached *** piety under Vehumet
 10730 | D:9      | Found a stormy altar of Qazlal.
 10798 | D:9      | Found a shattered altar of Ashenzari.
 10976 | D:9      | Learned a level 5 spell: Fireball
 10977 | D:9      | Noticed a two-headed ogre
 10995 | D:9      | Killed a two-headed ogre
 11140 | D:9      | Reached XP level 10. HP: 50/73 MP: 12/23
 11766 | D:9      | Found a staircase to the Lair.
 11888 | D:9      | Reached skill level 10 in Conjurations
 12043 | Lair:1   | Entered Level 1 of the Lair of Beasts
 12043 | Lair:1   | Noticed a spiny frog
 12062 | D:9      | Killed a spiny frog
 12335 | Lair:1   | Offered knowledge of Stone Arrow by Vehumet.
 12554 | Lair:1   | Reached skill level 10 in Spellcasting
 12682 | Lair:1   | Noticed a black mamba
 12692 | Lair:1   | Killed a black mamba
 12902 | Lair:1   | Reached skill level 5 in Fighting
 13111 | Lair:1   | Reached **** piety under Vehumet
 13153 | Lair:1   | Reached XP level 11. HP: 80/88 MP: 16/25
 13246 | D:9      | HP: 1/89 [wolf (6)]
 13766 | Lair:1   | Reached skill level 5 in Dodging
 14515 | Lair:1   | Offered knowledge of Fulminant Prism by Vehumet.
 14713 | Lair:1   | Noticed a seven-headed hydra
 14721 | Lair:1   | Killed a seven-headed hydra
 15593 | Lair:2   | Found a dark tunnel.
 15726 | Lair:2   | Reached skill level 1 in Shields
 15730 | Lair:2   | Noticed a death yak
 15736 | Lair:2   | Noticed Gastronok
 16394 | Lair:2   | Killed a death yak
 16535 | Lair:2   | Reached XP level 12. HP: 101/101 MP: 11/27
 16704 | Lair:2   | Noticed a seven-headed hydra
 16720 | Lair:2   | Killed a seven-headed hydra
 16841 | Lair:3   | Noticed a catoblepas
 17166 | Lair:3   | Found a hole to the Spider Nest.
 17227 | Lair:3   | Reached skill level 5 in Fire Magic
 17640 | Lair:3   | Killed a catoblepas
 19609 | Lair:4   | Reached ***** piety under Vehumet
 19647 | Lair:4   | Offered knowledge of Lee's Rapid Deconstruction by Vehumet.
 20440 | Lair:4   | Found a staircase to the Swamp.
 20468 | Lair:4   | Noticed a five-headed hydra
 20832 | Lair:4   | Killed a five-headed hydra
 21259 | Lair:4   | Reached XP level 13. HP: 91/107 MP: 22/28
 21514 | Lair:4   | Noticed a fire dragon
 21834 | Lair:5   | Found a labyrinth entrance.
 21855 | Lab      | Entered a labyrinth
 21868 | Lab      | I immediately regret this decision
 21868 | Lab      | This is gonna kill my chances of getting a streak, I swear
 21868 | Lab      | Well, as if the white draconian didn't already kinda fuck with it
 21934 | Lab      | Identified a scroll of acquirement
 21955 | Lab      | Noticed a minotaur
 21963 | Lab      | Killed a minotaur
 21965 | Lab      | Got a pitted amethyst amulet
 21972 | Lab      | Identified the amulet of Dutruel {+Rage rF+ Int+4} (You found it in a labyrinth)
 21973 | Lab      | Victory!
 21974 | Lab      | I did have to use a brilliance pot though...
 23131 | Lair:5   | Found a staircase to the Slime Pits.
 23131 | Lair:5   | Found a viscous altar of Jiyva.
 23587 | Lair:6   | Entered Level 6 of the Lair of Beasts
 23596 | Lair:6   | Noticed Nessos
 24029 | Lair:5   | Reached skill level 5 in Shields
 24731 | Lair:6   | Killed Nessos
 24731 | Lair:6   | Reached skill level 10 in Fighting
 24954 | Lair:5   | Offered knowledge of Throw Icicle by Vehumet.
 25065 | Lair:5   | Learned a level 4 spell: Throw Icicle
 25424 | Lair:6   | Reached skill level 1 in Ice Magic
 25545 | Lair:6   | Reached XP level 14. HP: 121/121 MP: 14/29
 25840 | Lair:6   | Reached skill level 2 in Ice Magic
 26828 | Lair:6   | Reached skill level 3 in Ice Magic
 27961 | Lair:6   | Reached skill level 4 in Ice Magic
 28407 | Lair:6   | Reached skill level 10 in Dodging
 28715 | Lair:2   | Killed Gastronok
 28937 | D:10     | Entered Level 10 of the Dungeon
 29252 | D:10     | Noticed Sonja
 29259 | D:10     | Killed Sonja
 29454 | D:10     | Noticed Fannar
 29460 | D:10     | Killed Fannar
 29460 | D:10     | Reached skill level 5 in Ice Magic
 30112 | D:11     | Offered knowledge of Conjure Ball Lightning by Vehumet.
 30393 | D:11     | Noticed Maurice
 30401 | D:11     | Killed Maurice
 31421 | D:11     | Reached skill level 6 in Ice Magic
 31705 | D:11     | Found a staircase to the Orcish Mines.
 32231 | D:12     | Found Nifriu's Armour Boutique.
 34179 | D:12     | Found a deep blue altar of Sif Muna.
 34179 | D:12     | Found a white marble altar of Elyvilon.
 34181 | D:12     | Found a shattered altar of Ashenzari.
 34181 | D:12     | Found a radiant altar of Vehumet.
 34184 | D:12     | Reached XP level 15. HP: 132/132 MP: 22/30
 35161 | D:13     | Noticed Kirke
 35175 | D:13     | Killed Kirke
 35318 | D:13     | Reached ****** piety under Vehumet
 35544 | D:13     | Offered knowledge of Ozocubu's Refrigeration by Vehumet.
 35573 | D:13     | Learned a level 6 spell: Ozocubu's Refrigeration
 37211 | D:14     | Found Elidwide's Antique Weapon Shop.
 37312 | D:14     | Reached skill level 7 in Ice Magic
 37346 | D:14     | Reached skill level 10 in Shields
 38050 | D:14     | Offered knowledge of Freezing Cloud by Vehumet.
 38058 | D:14     | Learned a level 6 spell: Freezing Cloud
 38251 | D:14     | Found a gate to the Vaults.
 38364 | D:15     | Entered Level 15 of the Dungeon
 39132 | D:15     | Reached skill level 8 in Ice Magic
 39467 | D:15     | Got a vibrating jade ring
 39580 | D:15     | Noticed Rupert
 39590 | D:15     | Killed Rupert
 39915 | D:15     | Found a staircase to the Depths.
 40284 | Orc:1    | Entered Level 1 of the Orcish Mines
 40553 | Orc:1    | Reached XP level 16. HP: 144/144 MP: 24/31
 40554 | Orc:1    | Found a roughly hewn altar of Beogh.
 40962 | Orc:1    | Reached skill level 9 in Ice Magic
 41121 | Orc:2    | Entered Level 2 of the Orcish Mines
 41204 | Orc:2    | Found a staircase to the Elven Halls.
 41613 | Orc:2    | Found Tuneug's General Store.
 41617 | Orc:2    | Bought a scroll of fog for 32 gold pieces
 41621 | Orc:2    | Found Tounoodo's Weapon Emporium.
 41625 | Orc:2    | Offered knowledge of Spellforged Servitor by Vehumet.
 41785 | Orc:2    | Found a roughly hewn altar of Beogh.
 41904 | Orc:2    | Found Ostraac's Book Boutique.
 41904 | Orc:2    | Found Iruwaf's Antique Armour Emporium.
 42189 | Orc:2    | Reached skill level 10 in Ice Magic
 42404 | Orc:2    | Learned a level 2 spell: Blink
 42829 | Spider:1 | Entered Level 1 of the Spider Nest
 43509 | Spider:1 | Identified the ring "Tiasoal" {rElec rN+ MP+9 Str+5} (You took it off a crimson imp on level 15 of the Dungeon)
 44904 | Spider:1 | Offered knowledge of Bolt of Cold by Vehumet.
 44931 | Spider:1 | Learned a level 6 spell: Bolt of Cold
 45108 | Spider:1 | Identified the +2 scimitar of Pain and Death {drain, Fragile rC+ Str+2 Dex+2} (You found it on level 1 of the Spider Nest)
 45802 | Spider:2 | Reached skill level 11 in Ice Magic
 47280 | Spider:3 | Reached skill level 12 in Ice Magic
 47454 | Spider:2 | HP: 3/144 [something (10)]
 47713 | D:12     | Bought the +2 cloak of Vanity {SInv} for 436 gold pieces
 48472 | Spider:3 | Found a runed door.
 48474 | Spider:3 | Noticed Zeklih's ghost (adept SpEn)
 48663 | Spider:3 | Offered knowledge of Fire Storm by Vehumet.
 48663 | Spider:3 | Offered knowledge of Glaciate by Vehumet.
 48663 | Spider:3 | Offered knowledge of Tornado by Vehumet.
 48888 | Spider:3 | Noticed Jorgrun
 48938 | Spider:3 | Killed Jorgrun
 48938 | Spider:3 | Reached XP level 17. HP: 150/150 MP: 22/34
 49918 | Spider:4 | Entered Level 4 of the Spider Nest
 51924 | Spider:4 | Reached skill level 13 in Ice Magic
 52860 | Spider:4 | Got a gossamer rune of Zot
 53425 | Swamp:1  | Entered Level 1 of the Swamp
 54472 | Swamp:2  | Noticed a tentacled monstrosity
 54486 | Swamp:2  | Killed a tentacled monstrosity
 55896 | Swamp:3  | Reached XP level 18. HP: 134/157 MP: 24/36
 55903 | Swamp:3  | Reached skill level 14 in Ice Magic
 56374 | Swamp:4  | Entered Level 4 of the Swamp
 58162 | Swamp:4  | Found a deep blue altar of Sif Muna.
 58363 | Swamp:4  | Got a decaying rune of Zot
 58632 | D:12     | Bought the +1 shield "Viump" {rC- MR+ rCorr Str+3} for 459 gold pieces
 58707 | Vaults:1 | Entered Level 1 of the Vaults
 59387 | Vaults:1 | Reached skill level 15 in Ice Magic
 60249 | Vaults:1 | Found a runed gate.
 60250 | Vaults:1 | Found an opulent altar of Gozag.
 60251 | Vaults:1 | Found a runed gate.
 60251 | Vaults:1 | Found a runed gate.
 60251 | Vaults:1 | Noticed Reogah's ghost (adept MfBe)
 60569 | Vaults:1 | Found Pirutah's Food Emporium.
 60577 | Vaults:1 | Bought a ration for 70 gold pieces
 60577 | Vaults:1 | Bought a ration for 70 gold pieces
 60577 | Vaults:1 | Bought a ration for 70 gold pieces
 60577 | Vaults:1 | Bought a ration for 70 gold pieces
 60577 | Vaults:1 | Bought a ration for 70 gold pieces
 60577 | Vaults:1 | Bought a ration for 70 gold pieces
 60577 | Vaults:1 | Bought a ration for 70 gold pieces
 60577 | Vaults:1 | Bought a ration for 70 gold pieces
 60577 | Vaults:1 | Bought a ration for 70 gold pieces
 60577 | Vaults:1 | Bought a ration for 70 gold pieces
 60577 | Vaults:1 | Bought a ration for 70 gold pieces
 60577 | Vaults:1 | Bought a ration for 70 gold pieces
 61276 | Vaults:2 | Reached XP level 19. HP: 101/163 MP: 15/37
 61276 | Vaults:2 | Reached skill level 15 in Spellcasting
 61754 | Vaults:2 | Found a portal to a secret trove of treasure.
 62916 | Vaults:2 | Learned a level 9 spell: Glaciate
 63542 | Vaults:3 | Reached skill level 16 in Ice Magic
 63883 | Vaults:3 | Found a runed door.
 63883 | Vaults:3 | Noticed Uggef's ghost (adept VSBe)
 64053 | Vaults:3 | Reached skill level 15 in Conjurations
 65120 | Vaults:3 | Found Tixuor's Book Shop.
 65424 | Vaults:3 | Found a staircase to the Crypt.
 65513 | Vaults:3 | Killed Uggef's ghost
 65516 | Vaults:3 | Identified the Guide on Freezing Hexes
 66182 | Vaults:4 | Reached skill level 15 in Shields
 66190 | Vaults:4 | Reached XP level 20. HP: 166/171 MP: 39/39
 66386 | Vaults:4 | Reached skill level 17 in Ice Magic
 66526 | Vaults:4 | Found Hytas's Food Emporium.
 66534 | Vaults:4 | Bought a ration for 65 gold pieces
 66534 | Vaults:4 | Bought a ration for 65 gold pieces
 66534 | Vaults:4 | Bought a ration for 65 gold pieces
 66534 | Vaults:4 | Bought a ration for 65 gold pieces
 66534 | Vaults:4 | Bought a ration for 65 gold pieces
 66534 | Vaults:4 | Bought a ration for 65 gold pieces
 66534 | Vaults:4 | Bought a ration for 65 gold pieces
 66534 | Vaults:4 | Bought a ration for 65 gold pieces
 66534 | Vaults:4 | Bought a ration for 65 gold pieces
 66534 | Vaults:4 | Bought a ration for 65 gold pieces
 66534 | Vaults:4 | Bought a ration for 65 gold pieces
 66534 | Vaults:4 | Bought a ration for 65 gold pieces
 67593 | Depths:1 | Entered Level 1 of the Depths
 67954 | Vaults:3 | Bought a book of Power for 585 gold pieces
 67963 | Vaults:3 | Learned a level 7 spell: Orb of Destruction
 68310 | Depths:1 | Found a one-way gate to the infinite horrors of the Abyss.
 68585 | Depths:1 | Found Gavuk's Gadget Shoppe.
 68588 | Depths:1 | Found Wuats's Jewellery Boutique.
 68589 | Depths:1 | Found Piutak's Gadget Shoppe.
 68598 | Depths:1 | Bought an uncursed ring of protection from magic for 375 gold pieces
 68615 | Depths:1 | Found a gateway to Hell.
 69139 | Depths:1 | Reached skill level 18 in Ice Magic
 70269 | Depths:2 | Reached skill level 19 in Ice Magic
 70520 | Depths:2 | Noticed Saint Roka
 70767 | Depths:1 | Killed Saint Roka
 70992 | Depths:2 | Noticed a caustic shrike
 71197 | Depths:2 | Noticed a caustic shrike
 71234 | Depths:2 | Reached skill level 20 in Ice Magic
 71488 | Depths:2 | Killed a caustic shrike
 71802 | Depths:2 | Reached XP level 21. HP: 112/181 MP: 15/41
 72022 | Depths:2 | Killed a caustic shrike
 72077 | Depths:2 | Found a gateway to a ziggurat.
 72192 | Depths:2 | Noticed a golden dragon
 72213 | Depths:2 | Found a shadowy altar of Dithmenos.
 72263 | Depths:2 | Reached skill level 21 in Ice Magic
 73084 | Depths:2 | Found a gateway to a ziggurat.
 73130 | Depths:2 | Killed a golden dragon
 73341 | Depths:2 | Found a shadowy altar of Dithmenos.
 73619 | Depths:2 | Got a pair of jewelled boots
 73620 | Depths:2 | Identified the +0 pair of boots "Palleoni" {rN++ rCorr Dex-2 Stlth+} (You acquired it on level 2 of the Depths)
 73652 | Depths:3 | Found a one-way gate leading to the halls of Pandemonium.
 77081 | Depths:3 | Noticed Mennas
 78010 | Depths:4 | Noticed a caustic shrike
 78020 | Depths:4 | Killed a caustic shrike
 78380 | Depths:4 | Reached XP level 22. HP: 189/189 MP: 42/42
 78454 | Depths:4 | Got a sparkling graven amulet
 78459 | Depths:4 | Found a deep blue altar of Sif Muna.
 78650 | Depths:4 | Identified the Incunabulum of Summoning
 78774 | Depths:4 | Identified the amulet of Utzumex {RegenMP MR+ Slay+4 SInv} (You took it off a deep elf demonologist on level 4 of the Depths)
 79009 | Depths:4 | Reached skill level 22 in Ice Magic
 79127 | Depths:4 | Noticed a juggernaut
 79129 | Depths:4 | a juggernaut changed into an iron giant
 79131 | Depths:4 | Noticed a caustic shrike
 79132 | Depths:4 | Noticed a caustic shrike
 79132 | Depths:4 | an iron giant changed into a caustic shrike
 79248 | Depths:4 | Killed a caustic shrike
 79746 | Depths:4 | Found a deep blue altar of Sif Muna.
 80191 | Depths:4 | Found a deep blue altar of Sif Muna.
 80395 | Depths:5 | Entered Level 5 of the Depths
 81830 | Depths:5 | Found Tikiv's Assorted Antiques.
 82128 | Depths:5 | Found a gate to the Realm of Zot.
 82923 | Vaults:5 | Entered Level 5 of the Vaults
 82923 | Vaults:5 | Noticed a golden dragon
 83391 | Slime:1  | Entered Level 1 of the Pits of Slime
 83687 | Slime:5  | Entered Level 5 of the Pits of Slime
 83950 | Slime:5  | Found a viscous altar of Jiyva.
 83950 | Slime:5  | Gained mutation: Your spells are a little easier to cast, but a little less powerful. [a shining eye]
 83952 | Slime:5  | Noticed the Royal Jelly
 84308 | Slime:3  | Gained mutation: You occasionally shout uncontrollably at your foes. [a shining eye]
 85096 | Slime:4  | Reached skill level 23 in Ice Magic
 85096 | Slime:4  | Reached XP level 23. HP: 89/195 MP: 28/44
 85908 | Slime:5  | Gained mutation: You tend to lose your temper in combat. [a shining eye]
 85910 | Slime:5  | Gained mutation: You are clumsy. (Dex -2) [a shining eye]
 85951 | Slime:5  | Killed the Royal Jelly
 86564 | Slime:5  | Got a vibrating platinum ring
 86565 | Slime:5  | Identified the ring "Erielad" {Fire Str+5 Int+4 Stlth-} (You found it on level 5 of the Pits of Slime)
 86575 | Slime:5  | Got a slimy rune of Zot
 86579 | Slime:5  | Identified the ring of Miot {rC+ rN+ Str+2} (You acquired it on level 5 of the Pits of Slime)
 86599 | Slime:5  | Got a translucent bronze ring
 86600 | Slime:5  | Identified the ring "Zophugh" {rF+ rC+ MR+ Dex-4 SInv} (You found it on level 5 of the Pits of Slime)
 86630 | Slime:5  | Got a coiled glass ring
 86631 | Slime:5  | Identified the ring "Zeodyrphij" {MR++ Dex+2 Slay+5} (You found it on level 5 of the Pits of Slime)
 87617 | Zot:1    | Entered Level 1 of the Realm of Zot
 88898 | Zot:1    | Found a runed door.
 88931 | Zot:1    | HP: 8/195 [storm dragon (18)]
 88931 | Zot:1    | Slain by a storm dragon

Skill      XL: |  1  2  3  4  5  6  7  8  9 10 11 12 13 14 15 16 17 18 19 20 21 22 23 |
---------------+----------------------------------------------------------------------+-----
Fighting       | 1 2 5 7 8 10 11 13 14 | 14.0
Conjurations   | 2 3 4 5 7 9 10 11 13 14 15 16 19 20 | 20.0
Spellcasting   | 3 4 5 7 9 10 11 13 14 15 16 17 | 17.0
Fire Magic     | 4 4 7 9 |  9.0
Dodging        | 4 7 9 10 12 | 12.0
Shields        | 2 3 6 9 10 12 13 15 | 15.0
Ice Magic      | 1 6 8 12 13 15 16 20 21 23 | 23.5
Stealth        | |  1.7

Action                   |  1- 3 |  4- 6 |  7- 9 | 10-12 | 13-15 | 16-18 | 19-21 | 22-24 || total
-------------------------+-------+-------+-------+-------+-------+-------+-------+-------++-------
Melee: Club              |     6 |       |       |       |       |       |       |       ||     6
       Unarmed           |     4 |       |       |       |       |       |       |       ||     4
       Tailslap          |     5 |     4 |    13 |    11 |     2 |     1 |       |       ||    36
       Dagger            |    22 |    66 |    75 |    57 |     1 |     3 |       |       ||   224
       Staff             |       |       |       |       |    13 |    10 |     3 |     3 ||    29
 Fire: Hunting sling     |       |       |       |       |       |     9 |       |       ||     9
 Cast: Flame Tongue      |    77 |   175 |   265 |   325 |   392 |    36 |     8 |     4 ||  1282
       Conjure Flame     |       |     3 |     7 |    20 |     4 |       |       |       ||    34
       Sticky Flame      |       |       |    20 |   117 |   142 |     8 |       |       ||   287
       Fireball          |       |       |     2 |    25 |   127 |     1 |       |     3 ||   158
       Throw Icicle      |       |       |       |       |   488 |   552 |   402 |   139 ||  1581
       Ozocubu's Refrige |       |       |       |       |     9 |   250 |   213 |   102 ||   574
       Freezing Cloud    |       |       |       |       |     2 |     3 |     2 |     5 ||    12
       Bolt of Cold      |       |       |       |       |       |    67 |    21 |    28 ||   116
       Blink             |       |       |       |       |       |     6 |    17 |     6 ||    29
       Orb of Destructio |       |       |       |       |       |       |   136 |    88 ||   224
       Glaciate          |       |       |       |       |       |       |       |     6 ||     6
 Abil: Breathe Frost     |       |       |    11 |    14 |    14 |     4 |       |       ||    43
Evoke: Wand              |       |       |       |    11 |     6 |    15 |     3 |       ||    35
       Lamp of fire      |       |       |       |       |     1 |     1 |       |       ||     2
  Use: Scroll            |       |     2 |    13 |     5 |    24 |    11 |    11 |    13 ||    79
       Potion            |       |       |       |     6 |     2 |     4 |       |     5 ||    17
 Stab: Sleeping          |       |       |     1 |       |       |       |       |       ||     1
       Paralysed         |       |       |       |       |       |     3 |       |       ||     3
       Distracted        |       |       |       |       |       |     1 |       |       ||     1
  Eat: Chunk             |     4 |    12 |    16 |    27 |    38 |    63 |    56 |    18 ||   234
       Ration            |       |       |     2 |     5 |    14 |    19 |    15 |    13 ||    68
Armor: Skin              |    39 |    53 |    58 |    71 |   122 |   171 |    35 |    28 ||   577
Dodge: Dodged            |    63 |   108 |   142 |   277 |   406 |   322 |   121 |    86 ||  1525
Block: Shield            |       |       |       |       |   118 |   290 |   144 |    96 ||   648
       Buckler           |       |       |       |       |     2 |       |       |       ||     2
